 Dungeon Crawl Stone Soup version 0.31-a0-536-ga3e2962e35 (console) character file.

Game seed: 9421859614974959837

44 Lexodia the Cudgeller (level 3, -1/37 HPs)
             Began as an Ogre Gladiator on Aug 13, 2023.
             Slain by a kobold
             ... wielding a +0 short sword
              (2 damage)
             ... on level 2 of the Dungeon.
             The game lasted 00:02:28 (905 turns).

Lexodia the Cudgeller (Ogre Gladiator)               Turns: 905, Time: 00:02:29

Health: -1/37      AC:  3    Str: 20    XL:     3   Next: 60%
Magic:  3/3        EV: 10    Int:  9    God:
Gold:   27         SH:  0    Dex: 10    Spells: 2/2 levels left

rFire   . . .        a - +0 flail
rCold   . . .        (no shield)
rNeg    . . .        b - +0 robe
rPois   .            c - +0 hat
rElec   .            (no cloak)
rCorr   .            (gloves unavailable)
SInv    .            (boots unavailable)
Will    .....        (no amulet)
Stlth   +            (no ring)
HPRegen 0.26/turn    (no ring)
MPRegen 0.08/turn

%: no passive effects
@: mighty
A: large, unfitting armour, tough skin 1
a: no special abilities


You were on level 2 of the Dungeon.
You visited 1 branch of the dungeon, and saw 2 of its levels.

You collected 27 gold pieces.

Inventory:

Hand Weapons
 a - a +0 flail (weapon)
Missiles
 d - 2 throwing nets (quivered)
 e - a large rock
Armour
 b - a +0 robe (worn)
 c - a +0 hat (worn)
Scrolls
 f - a scroll of identify {unknown}
 j - a scroll of blinking {unknown}
Potions
 g - a potion of degeneration {unknown}
 i - a potion of magic {unknown}
 k - a potion of heal wounds {unknown}


   Skills:
 - Level 3.0 Fighting
 * Level 3.4 Maces & Flails
 + Level 2.5 Throwing
 - Level 3.0 Dodging


You had 2 spell levels left.
You didn't know any spells.
Your spell library was empty.

Dungeon Overview and Level Annotations

Branches:
Dungeon (2/15)

Altars:


Innate Abilities, Weirdness & Mutations

You are too large for most types of armour.
You have tough skin. (AC +1)


Message History

Damage: -3%(-1hp) hp: 25%(9hp) Unknown command.
The jackal attacks as you move away! The jackal closely misses you.
Found 11 gold pieces.
The jackal barely misses you.
The jackal bites you but does no damage.
A bat comes into view.
Found 2 murky orange potions.
You hit the jackal.
The jackal is heavily wounded.
The jackal completely misses you. The jackal closely misses you.
You barely miss the jackal.
The jackal is heavily wounded.
The jackal closely misses you. The jackal bites you.
* * * LOW HITPOINT WARNING * * *
The jackal bites you but does no damage.
Huge Dmg: -9%(-3hp) hp: 19%(7hp)
You hit the jackal.
You kill the jackal!
The jackal bites you.
* * * LOW HITPOINT WARNING * * *
The jackal bites you but does no damage.
Huge Dmg: -5%(-2hp) hp: 14%(5hp) Sorry, you're not good enough to have a special ability.
There are monsters nearby!
Unknown command.
You hit the jackal.
The jackal is almost dead.
The jackal barely misses you. The bat closely misses you. The rat bites you.
* * * LOW HITPOINT WARNING * * *
The kobold hits you with a +0 short sword.
* * * LOW HITPOINT WARNING * * *
The jackal closely misses you. The bat closely misses you.
Huge Dmg: -8%(-3hp) hp: 6%(2hp) It was a potion of might.
You feel very mighty all of a sudden. The bat hits you but does no damage.
The jackal bites you.
* * * LOW HITPOINT WARNING * * *
The rat barely misses you.
The kobold hits you with a +0 short sword.
You die...

#..!..... #..$.....
......... #........
#......(. #........
#b....... ##@....... ##
#hrK...... #####. .##
#.#......# ###.....
#..<####>#.######......)..
#.#........######.####.##.
#..........##.....####.#..
......(.....#.....##.....#
#..........#.....##....##
#................##..####


You could see a jackal, a bat, a kobold and a rat.

Vanquished Creatures
  An adder (D:2)
  A dart slug (D:1)
  5 endoplasms
  A giant cockroach (D:2)
  4 goblins
  2 hobgoblins (D:1)
  2 jackals (D:2)
  A quokka (D:1)
  2 ball pythons (D:2)
  3 bats (D:1)
  5 frilled lizards
  2 kobolds
  3 rats (D:1)
32 creatures vanquished.

Notes
Turn   | Place    | Note
-------+----------+-------------------------------------------
     0 | D:1      | Lexodia the Ogre Gladiator began the quest for the Orb.
     0 | D:1      | Reached XP level 1. HP: 22/22 MP: 1/1
     8 | D:1      | Huge Dmg: 7 dmg
    96 | D:1      | Reached XP level 2. HP: 26/29 MP: 2/2
   110 | D:1      | Huge Dmg: 6 dmg
   483 | D:1      | Huge Dmg: 7 dmg
   730 | D:2      | Huge Dmg: 7 dmg
   743 | D:2      | Reached XP level 3. HP: 17/37 MP: 3/3
   889 | D:2      | Huge Dmg: 19 dmg
   894 | D:2      | Huge Dmg: 5 dmg
   903 | D:2      | Huge Dmg: 3 dmg
   904 | D:2      | Huge Dmg: 2 dmg
   905 | D:2      | Huge Dmg: 3 dmg
   905 | D:2      | HP: 1/37 [jackal (1)]
   905 | D:2      | Slain by a kobold

Illustrated notes

Levels and vault maps discovered:
D:1:      orjb1_lava_funnel, layout_loops_cross
D:2:      cheibrodos_old_hovel, layout_rooms, chequers_ecumenical_altar_twisty,
          uniq_crazy_yiuf_cottage

Skill      XL: |  1  2 |
---------------+-------+-----
Fighting       | 3 |  3.0
Maces & Flails | 3 |  3.4
Dodging        | 3 |  3.0
Throwing       | |  2.5

Action                     || total
---------------------------++-------
  Melee: Flail             ||   102
         Punch             ||     2
  Throw: Throwing net      ||     3
    Use: Potion            ||     1
   Stab: Held in net/web   ||     1
         Sleeping          ||     1
 Armour: Robe              ||    67
  Dodge: Dodged            ||    88

Table legend: (Time is in decaauts)
 A = Elapsed time spent in this place.
 B = Non-inter-level travel time spent in this place.
 C = Inter-level travel time spent in this place.
 D = Time resting spent in this place.
 E = Time spent auto-exploring this place.
 F = Levels seen in this place.
 G = Mean time per level.
                   A        B        C        D        E       F      G
               +--------+--------+--------+--------+--------+-----+--------+
         Total |    929 |    905 |     24 |      0 |    668 |   2 |  464.5 |
       Dungeon |    929 |    905 |     24 |      0 |    668 |   2 |  464.5 |
               +--------+--------+--------+--------+--------+-----+--------+

Top non-repeatable levels by time:
     D:1: 742 daAuts
     D:2: 186 daAuts
